Unix NetHack Version 5.0.0-0 post-release - last build Jun 10 2026 00:39:30 (3ee93aec679c4c4259841fe613dc97188e26a321,branch:main).

Game began 2026-06-13 03:03:03, ended 2026-06-13 03:27:47.

Brudee, chaotic female human Rogue

                                                            ------------
                                              -------       |..........|
                                              |...))|       |..........|
                                              |.....|y0     -.........<.#
                                              .....dyy      ---------.--#
                                              |.)+(.|d               #  ##
                                              -------#             ###   #
                                                   ###             #     #
                                                 #####     #########     #
                                                  #        #             #
                                                  (--------|------       #
                                                  #|.............|       #
                                                  #-.............|      ####
                                                   |.............|       #--|-
                                                   |.............|       #.>.|
                                                   ---------------        |{.|
                                                                          |..|
                                                                          ----

Brudee the Werejackal   St:14 Dx:18 Co:14 In:15 Wi:8 Ch:6  Chaotic S:2581
Dlvl:5  $:13 HP:8(8) Pw:10(10) AC:7  HD:2 T:1995  Burdened

Latest messages:
 You can't do that while carrying so much stuff.
 You drop 10 +0 daggers.
 You stagger under your load.  Movement is still very hard.
 You drop a +0 short sword.
 You rebalance your load.  Movement is still difficult.
 You drop an iron skull cap.
 You drop a pair of low boots.
 You drop a slime mold.
 You drop a partly eaten cram ration.
 You drop a food ration.
 Your movements are only slowed slightly by your load.
 You drop an egg.
 You drop an empty uncursed sack.
 You drop a whistle called NORMAL.
 You drop an uncursed lock pick.
 You drop a magic whistle.
 What do you want to read? [Y or ?*] ?
 As you read the scroll, it disappears.
 Being confused, you mispronounce the magic words...
 Lights appear all around you!
 You feel less confused now.
 What do you want to read? [*] ?
 What do you want to read? [*] <space>
 Never mind.
 Are you sure you want to pray? [yn] (n) y
 You begin praying to Kos.
 Shaggy drops a +0 dagger.
 You finish your prayer.
 You feel that Kos is displeased.
 Shaggy picks up a +0 dagger.
 Shaggy drops a +0 dagger.
 You stop waiting.
 Shaggy bites the iguana.
 The iguana misses Shaggy.
 Shaggy bites the iguana.
 The iguana misses Shaggy.
 Shaggy bites the iguana.
 The iguana misses Shaggy.
 Shaggy bites the iguana.
 The iguana is killed!
 You stop waiting.
 There is an egg here; eat it? [ynq] (n) n
 There is a food ration here; eat it? [ynq] (n) n
 There is a partly eaten cram ration here; eat it? [ynq] (n) n
 There is a slime mold here; eat it? [ynq] (n) n
 There is a jackal corpse here; eat it? [ynq] (n) n
 You don't have anything else to eat.
 You swap places with your yellow light.
 Really quit without saving? [yn] (n) y
 Do you want your possessions identified? [ynq] (y) q

Inventory:
 Coins    ('$')
  $ - 13 gold pieces
 Weapons  (')')
  b - a +0 dagger (alternate weapon; not wielded)
 Tools    ('(')
  i - an uncursed bag of holding containing 20 items

Contents of the bag of holding:
  2044 gold pieces
  an uncursed amulet of magical breathing
  a +2 elven bow
  a cursed scroll of create monster
  an uncursed scroll of identify
  a blessed potion of gain ability
  a potion of holy water
  an uncursed potion of water
  an uncursed potion of booze
  an uncursed potion of see invisible
  a blessed potion of hallucination
  an uncursed potion of gain energy
  an uncursed potion of oil
  an uncursed potion of monster detection
  an uncursed potion of sickness
  an uncursed ring of slow digestion
  an uncursed ring of teleport control
  an uncursed ring of conflict
  a wand of striking (0:8)
  a cursed figurine of a Green-elf

Brudee the Rogue's attributes:

Background:
 You were in female werejackal form.
 You were actually a Cutpurse, a level 3 female human Rogue.
 You were chaotic, on a mission for Kos
 who was opposed by Issek (lawful) and Mog (neutral).
 You were normally right-handed.
 You were in the Dungeons of Doom, on level 5.
 You entered the dungeon 1995 turns ago.
 It was nighttime.
 Your score was 2581 before end-of-game adjustments.

Basics:
 You had all 8 hit points.
 You had all 10 energy points (spell power).
 You had 2 hit dice.
 Your armor class was 7.
 Your wallet contained 13 zorkmids, and
 you had 2044 more stashed away in your pack.
 Autopickup was on for '$!=+?/"' plus thrown.

Final Characteristics:
 Your strength was 14.
 Your dexterity was 18.
 Your constitution was 14.
 Your intelligence was 15.
 Your wisdom was 8.
 Your charisma was 6.

Final Status:
 You were transformed.
 You weren't hungry.
 You were burdened; movement was slightly slowed.
 You weren't wielding anything.
 You were unskilled in bare handed combat.
 You weren't wearing any armor.

Final Attributes:
 You were devoutly aligned.
 You were poison resistant.
 You were level-drain resistant.
 You were stealthy.
 You aggravated monsters.
 You regenerated.
 You were a werejackal in beast form.
 You were harmed by silver.
 You were very unlucky.
 You survived.

Miscellaneous:
 You encountered 1 bones level.
 Total elapsed playing time was 24 minutes and 43 seconds.

Major events:
 Turn
    1: Brudee the chaotic female human Rogue entered the dungeon
 1239: became literate by naming Sting
 1679: attained the rank of Cutpurse (level 3)
 1995: quit

You didn't know any spells.

Skills:
 Fighting Skills
   bare handed combat [Unskilled]
   two weapon combat  [Unskilled]
   riding             [Unskilled]
 Weapon Skills
   dagger             [Basic]
   knife              [Unskilled]
   short sword        [Basic]
   broadsword         [Unskilled]
   long sword         [Unskilled]
   two-handed sword   [Unskilled]
   saber              [Unskilled]
   club               [Unskilled]
   mace               [Unskilled]
   morning star       [Unskilled]
   flail              [Unskilled]
   hammer             [Unskilled]
   polearms           [Unskilled]
   spear              [Unskilled]
   crossbow           [Unskilled]
   dart               [Unskilled]
   shuriken           [Unskilled]
 Spellcasting Skills
   divination spells  [Unskilled]
   escape spells      [Unskilled]
   matter spells      [Unskilled]

Voluntary challenges:
 Character rerolling was not enabled.
 You never genocided any monsters.
 You never polymorphed an object.
 You used no wishes.
Achievements:
 You entered a shop.
 You attained the rank of Cutpurse.

 The Dungeons of Doom: levels 1 to 5
    Level 1:
    Level 2:
       A fountain.
    Level 3:
    Level 4:
       A general store, a fountain.
    Level 5: <- You were here.
       A fountain.
       Final resting place for
          snarksnark-Wiz-Hum-Mal-Neu, killed by a dwarf.


Vanquished creatures:
  a floating eye
  a kobold leader
  a werejackal
  2 iguanas
 an acid blob
  a hobbit
  a manes
  a large kobold
  2 yellow molds
  2 red molds
  a garter snake
  2 geckos
 10 jackals
  a goblin
  5 grid bugs
  2 lichens
  4 newts
38 creatures vanquished.

No species were genocided or became extinct.

Goodbye Brudee the Rogue...

You quit in The Dungeons of Doom on dungeon level 5 with 2581 points,
and 2057 pieces of gold, after 1995 moves.
You were level 3 with a maximum of 26 hit points when you quit.

